 Dungeon Crawl Stone Soup version 0.31-a0-1591-g515db51633 (webtiles) character file.

Game seed: 1962533050183589280

158 CougarLife the Chopper (level 5, -3/47 HPs)
             Began as a Minotaur Fighter on Jan 6, 2024.
             Killed by divine providence
             ... invoked by an orc priest
              (11 damage)
             ... on level 4 of the Dungeon.
             The game lasted 00:05:39 (2547 turns).

CougarLife the Chopper (Minotaur Fighter)           Turns: 2547, Time: 00:05:40

Health: -3/47      AC:  9    Str: 23    XL:     5   Next: 16%
Magic:  4/4        EV:  9    Int:  5    God:
Gold:   215        SH:  5    Dex: 15    Spells: 4/4 levels left

rFire   . . .        a - +0 war axe
rCold   . . .        c - +0 buckler
rNeg    . . .        b - +0 scale mail
rPois   .            (helmet restricted)
rElec   .            u - +0 cloak
rCorr   .            o - +0 pair of gloves
SInv    .            (no boots)
Will    .....        (no amulet) Stlth
                     p - +6 ring of dexterity
HPRegen 0.27/turn    (no ring)
MPRegen 0.09/turn

%: no passive effects
@: no status effects
A: horns 2, retaliatory headbutt
a: no special abilities


You were on level 4 of the Dungeon.
You visited 1 branch of the dungeon, and saw 4 of its levels.

You collected 215 gold pieces.

Inventory:

Hand Weapons
 a - a +0 war axe (weapon)
Missiles
 k - 7 boomerangs (quivered)
 m - 4 curare-tipped darts
Armour
 b - a +0 scale mail (worn)
 c - a +0 buckler (worn)
 o - a +0 pair of gloves (worn)
 u - a +0 cloak (worn)
Jewellery
 p - a +6 ring of dexterity (left hand)
Scrolls
 e - 2 scrolls of immolation {unknown}
 f - 2 scrolls of blinking {unknown}
 h - a scroll of noise {unknown}
 i - 2 scrolls of poison {unknown}
 q - 2 scrolls of teleportation {unknown}
 r - 3 scrolls of identify {unknown}
 s - a scroll of butterflies {unknown}
 t - a scroll of vulnerability {unknown}
 w - a scroll of enchant weapon {unknown}
Potions
 d - a potion of might
 g - a potion of cancellation {unknown}
 j - a potion of brilliance {unknown}
 l - 2 potions of curing {unknown}
 n - 3 potions of haste {unknown}
 v - a potion of heal wounds {unknown}


   Skills:
 + Level 4.8 Fighting
 * Level 5.1 Axes
 - Level 4.0 Armour
 - Level 4.0 Shields


You had 4 spell levels left.
You didn't know any spells.
Your spell library contained the following spells:

 Spells                   Type           Power      Damage    Failure   Level
 Alistair's Intoxication  Alch           0%         N/A       100%        5
 Borgnjor's Vile Clutch   Necr/Erth      0%         N/A       100%        5
 Eringya's Noxious Bog    Alch           0%         4d6       100%        6


Dungeon Overview and Level Annotations

Branches:
Dungeon (4/15)
 Temple: D:4-7

Altars:


Innate Abilities, Weirdness & Mutations

You have a pair of horns on your head.
You reflexively headbutt those who attack you in melee.


Message History

The orc hits you with a +0 mace. The orc misses you. You furiously retaliate!
You headbutt the orc.
The orc priest hits you but does no damage.
The orc barely misses you. You block the orc's attack.
You closely miss the orc priest.
The orc priest is moderately wounded.
You hit the orc.
You kill the orc!
You hit the orc. You block the orc priest's attack. You block the orc's attack.
You barely miss the orc priest. You headbutt the orc priest.
The orc priest is heavily wounded.
You hit the orc but do no damage. You block the orc priest's attack.
The orc hits you but does no damage.
You hit the orc priest but do no damage.
The orc priest is heavily wounded.
You hit the orc but do no damage.
The orc priest looks satisfied for a moment.
The orc hits you but does no damage.
The orc priest hits you with a +0 short sword.
The orc closely misses you. You furiously retaliate!
You headbutt the orc!
You kill the orc!
You hit the orc priest but do no damage.
The orc priest is heavily wounded.
The orc priest calls down the wrath of Beogh upon you.
Beogh smites you!
* * * LOW HITPOINT WARNING * * *
You hit the orc priest.
The orc priest is severely wounded.
The orc priest hits you but does no damage.
You barely miss the orc priest.
The orc priest is severely wounded.
The orc priest barely misses you.
You barely miss the orc priest. Your headbutt misses the orc priest.
The orc priest is severely wounded.
The orc priest hits you but does no damage.
You completely miss the orc priest.
The orc priest is severely wounded.
The orc priest invokes the aid of Beogh against you.
Beogh smites you!
You die...

#.##.....####.#...
#..#.###...)..#.##
#........#####.#
##...###.# #.##
#...###.### #...
#..>......###.#. #####
#.....##..#.....
......###.....#8..#.####
......o@......##..#....=
......))......##..##....
..............##..##....
##........###.#8..##....
#........# #.##..##.†).
#........# ####........
########## ##........
#⌠###8###8 ### ### ##


You could see an orc priest.

Vanquished Creatures
  An orc wizard (D:3)
  3 gnolls (D:4)
  2 adders (D:3)
  2 dart slugs
  A ribbon worm (D:1)
  11 orcs
  6 endoplasms
  A giant cockroach (D:4)
  A goblin (D:1)
  7 hobgoblins
  6 jackals
  5 kobolds
  4 quokkas
  8 ball pythons
  4 bats
  A frilled lizard (D:2)
  4 rats
67 creatures vanquished.

Notes
Turn   | Place    | Note
-------+----------+-------------------------------------------
     0 | D:1      | CougarLife the Minotaur Fighter began the quest for the
                  | Orb.
     0 | D:1      | Reached XP level 1. HP: 19/19 MP: 0/0
   166 | D:1      | Reached XP level 2. HP: 26/26 MP: 1/1
   389 | D:1      | Reached skill level 3 in Axes
  1030 | D:2      | Reached XP level 3. HP: 30/33 MP: 2/2
  1358 | D:2      | Found a faded altar of an unknown god.
  1507 | D:3      | Reached skill level 4 in Axes
  1507 | D:3      | Reached XP level 4. HP: 19/41 MP: 3/3
  1756 | D:3      | You fall into a shaft and drop 1 floor!
  2030 | D:3      | Identified the +5 spear of Inquiry {freeze, +Blink rF-
                  | Will+}
  2460 | D:4      | Reached skill level 5 in Axes
  2460 | D:4      | Reached XP level 5. HP: 38/47 MP: 4/4
  2547 | D:4      | Killed from afar by an orc priest

Illustrated notes

Levels and vault maps discovered:
D:1:      evilmike_arrival_crescent, layout_basic, grunt_decor_junction,
          nicolae_wormholes
D:2:      layout_basic, shapermc_ecumenical_altar_pompeii
D:3:      layout_basic, minivault_27
D:4:      layout_basic, minmay_temple_entry_waves, serial_corexii_hall,
          corexii_hall_statues_i, corexii_hall_statues_s,
          corexii_hall_statues_s, corexii_hall_statues_l,
          chequers_hall_statues_wall_a, chequers_hall_statues_corner_a,
          reono_crystal_passage, corexii_corridor_pit

Skill      XL: |  1  2  3  4 |
---------------+-------------+-----
Armour         | 4 |  4.0
Shields        | 4 |  4.0
Axes           | 3 4 5 |  5.1
Fighting       | 4 |  4.8

Action                     |  1- 3 |  4- 6 || total
---------------------------+-------+-------++-------
  Melee: War axe           |    73 |    72 ||   145
         Headbutt          |     7 |    10 ||    17
  Throw: Boomerang         |     1 |       ||     1
 Armour: Scale mail        |    46 |    44 ||    90
  Dodge: Dodged            |    38 |    28 ||    66
  Block: Buckler           |     9 |    23 ||    32

Table legend: (Time is in decaauts)
 A = Elapsed time spent in this place.
 B = Non-inter-level travel time spent in this place.
 C = Inter-level travel time spent in this place.
 D = Time resting spent in this place.
 E = Time spent auto-exploring this place.
 F = Levels seen in this place.
 G = Mean time per level.
                   A        B        C        D        E       F      G
               +--------+--------+--------+--------+--------+-----+--------+
         Total |   2595 |   2480 |    115 |    104 |   1810 |   4 |  648.8 |
       Dungeon |   2595 |   2480 |    115 |    104 |   1810 |   4 |  648.8 |
               +--------+--------+--------+--------+--------+-----+--------+

Top non-repeatable levels by time:
     D:1: 867 daAuts
     D:3: 727 daAuts
     D:2: 702 daAuts
     D:4: 298 daAuts
